 Dungeon Sprint DCSS version 0.28.0-45-g0d030f2227 (webtiles) character file.

Game seed: 584760737437704680

137 McKennaii the Skirmisher (level 4, -3/44 HPs)
             Began as a Demigod Fighter on Apr 18, 2022.
             Slain by a neqoxec (5 damage)
             ... in the Dungeon (Sprint II: "The Violet Keep of Menkaure").
             The game lasted 00:00:13 (23 turns).

McKennaii the Skirmisher (Demigod Fighter)            Turns: 23, Time: 00:00:14

Health: -3/44      AC:  7    Str: 19    XL:     4   Next: 68%
Magic:  6/6        EV:  9    Int: 10    God:
Gold:   0          SH:  4    Dex: 11    Spells: 3/3 levels left

rFire   . . .      SeeInvis .   a - +0 trident
rCold   . . .      Faith    .   c - +0 buckler
rNeg    . . .      Spirit   .   b - +0 scale mail
rPois   .          Reflect  .   (no helmet)
rElec   .          Harm     .   (no cloak)
rCorr   .          Rampage  .   (no gloves)
Will    .....      Rage     3%  (no boots)
Stlth   .......... NoTele   +   (no amulet)
HPRegen 0.14/turn               (no ring)
MPRegen 0.10/turn               (no ring)

@: on berserk cooldown, slowed, very slow
A: high MP 1, forlorn, divine attributes, berserk 2, clumsy 1, weak 1
a: no special abilities


You were in the Dungeon.
You visited 1 branch

Inventory:

Hand Weapons
 a - a +0 trident (weapon)
Armour
 b - a +0 scale mail (worn)
 c - a +0 buckler (worn)
Scrolls
 j - a scroll of blinking
Potions
 d - a potion of might
 e - a potion of curing
 f - a potion of heal wounds
 g - a potion of haste
 h - 2 potions of magic


   Skills:
 + Level 5.9 Fighting
 + Level 5.4 Polearms
 + Level 5.8 Armour
 - Level 2.6 Shields


You had 3 spell levels left.
You didn't know any spells.
Your spell library was empty.

Dungeon Overview and Level Annotations

Branches:
Dungeon (1/1)


Innate Abilities, Weirdness & Mutations

You have an increased reservoir of magic. (+10% MP)
You shall have no god before yourself.
Your divine heritage dramatically boosts your attributes as you level up.
You often lose your temper in combat.
You are clumsy. (Dex -2)
You are weak. (Str -2)


Message History

You feel your intelligence returning.
Your Fighting skill gained 3 levels and is now at level 5!
Your Polearms skill gained 4 levels and is now at level 5!
Your Armour skill gained 3 levels and is now at level 5!
You have reached level 2!
You have reached level 3!
Your experience leads to a dramatic increase in your attributes!
Your base attributes are Str 17, Int 10, Dex 13.
Increase (S)trength, (I)ntelligence, or (D)exterity?
You feel stronger. x4
You have reached level 4!
You hit the neqoxec.
The neqoxec is lightly wounded.
You barely miss the neqoxec.
The neqoxec is lightly wounded.
You block the neqoxec's attack.
You puncture the neqoxec!
The neqoxec is heavily wounded.
The neqoxec gestures at you.
Strange energies course through your body.
You feel angry.
You closely miss the neqoxec.
The neqoxec is heavily wounded.
You closely miss the neqoxec.
The neqoxec is heavily wounded.
The neqoxec hits you!
* * * LOW HITPOINT WARNING * * *
You puncture the neqoxec!
The neqoxec is almost dead.
The neqoxec gestures at you.
Strange energies course through your body.
You feel weaker.
You barely miss the neqoxec.
The neqoxec is almost dead.
You barely miss the neqoxec.
The neqoxec is almost dead.
You are no longer berserk.
You are exhausted.
You feel yourself slow down. The neqoxec hits you.
You die...

###
##
..##.
.33
#3#
##@##
+.<.+
##.##
#+#


You could see 3 neqoxecs.

Vanquished Creatures
  A neqoxec (D)
1 creature vanquished.

Notes
Turn   | Place    | Note
-------+----------+-------------------------------------------
     0 | D        | McKennaii the Demigod Fighter began the quest for the Orb.
     0 | D        | Reached XP level 1. HP: 18/18 MP: 3/3
     1 | D        | Noticed a neqoxec
     1 | D        | Noticed a neqoxec
     1 | D        | Noticed a neqoxec
     1 | D        | Noticed a neqoxec
    11 | D        | Gained mutation: You tend to lose your temper in combat. [a
                  | neqoxec]
    15 | D        | Killed a neqoxec
    15 | D        | Gained mutation: You are clumsy. (Dex -2) [a neqoxec]
    16 | D        | Reached skill level 5 in Fighting
    16 | D        | Reached skill level 5 in Polearms
    16 | D        | Reached skill level 5 in Armour
    16 | D        | Reached XP level 2. HP: 7/30 MP: 4/4
    16 | D        | Reached XP level 3. HP: 8/37 MP: 5/5
    16 | D        | Reached XP level 4. HP: 10/44 MP: 6/6
    18 | D        | Gained mutation: You often lose your temper in combat. [a
                  | neqoxec]
    21 | D        | Gained mutation: You are weak. (Str -2) [a neqoxec]
    23 | D        | Slain by a neqoxec

Illustrated notes

Levels and vault maps discovered:
D:        the_violet_keep_of_menkaure [sprint2_stairs_cluster_1,
          sprint2_shoproom, sprint2_temple, sprint2_basic_supplies,
          sprint2_obstacle_3, sprint2_obstacle_5, sprint2_obstacle_6,
          sprint2_obstacle_2, sprint2_obstacle_1, sprint2_timed_cluster_1,
          sprint2_smallroom_cluster_1, sprint2_smallroom_final_cluster_1,
          sprint2_transparent_cluster_1, sprint2_second_timed_cluster_1,
          sprint2_sniper_area_1, sprint2_heavy_combat_area_1,
          sprint2_mutation_trap_area_1, sprint2_forest_area_1,
          sprint2_light_combat_area_1, sprint2_behind_water_1,
          sprint2_near_end_vault_1]

Skill      XL: |  1 |
---------------+----+-----
Fighting       | 5 |  5.9
Polearms       | 5 |  5.4
Armour         | 5 |  5.8
Shields        | |  2.6

Action                   |  1- 3 |  4- 6 || total
-------------------------+-------+-------++-------
Melee: Trident           |    12 |     8 ||    20
  Use: Potion            |     1 |       ||     1
Armor: Scale mail        |     1 |       ||     1
Dodge: Dodged            |     1 |       ||     1
Block: Buckler           |       |     1 ||     1
